 Dungeon Crawl Stone Soup version 0.30-a0-989-g0d87f670db (webtiles) character file.

Game seed: 3125624138082153064

29 DeathPants the Slasher (level 3, -1/19 HPs)
             Began as a Vine Stalker Monk on Apr 3, 2023.
             Slain by an orc
             ... wielding a +0 flail
              (5 damage)
             ... on level 3 of the Dungeon.
             The game lasted 00:04:38 (1171 turns).

DeathPants the Slasher (Vine Stalker Monk)          Turns: 1171, Time: 00:04:39

Health: -1/19      AC:  8    Str: 19    XL:     3   Next: 16%
Magic:  0/5        EV: 11    Int: 12    God:
Gold:   167        SH:  0    Dex: 16    Spells: 3/3 levels left

rFire   . . .      SeeInvis .    a - +0 falchion
rCold   . . .      Faith    .    (no shield)
rNeg    . . .      Spirit   +    f - +0 ring mail
rPois   .          Reflect  .    (no helmet)
rElec   .          Rampage  .    n - +0 cloak
rCorr   .                        h - +0 pair of gloves
Will    .....                    j - +0 pair of boots
Stlth   ++                       (no amulet)
HPRegen 0.23/turn                i - +6 ring of strength
MPRegen 0.09/turn                (no ring)

@: no status effects
A: fangs 2, magic shield, antimagic bite, no potion heal 2
a: no special abilities


You were on level 3 of the Dungeon.
You visited 1 branch of the dungeon, and saw 3 of its levels.

You collected 167 gold pieces.

Inventory:

Hand Weapons
 a - a +0 falchion (weapon)
Armour
 b - a +0 robe
 f - a +0 ring mail (worn)
 h - a +0 pair of gloves (worn)
 j - a +0 pair of boots (worn)
 n - a +0 cloak (worn)
Jewellery
 i - a +6 ring of strength (left hand)
Scrolls
 c - a scroll of teleportation {unknown}
 d - a scroll of summoning {unknown}
 g - 2 scrolls of identify {unknown}
Potions
 e - a potion of heal wounds {unknown}
 k - a potion of brilliance {unknown}
 l - a potion of might {unknown}
 m - a potion of haste {unknown}


   Skills:
 + Level 2.9 Fighting
 * Level 3.1 Long Blades
 + Level 2.6 Dodging
 - Level 2.4 Stealth
 + Level 0.9 Spellcasting


You had 3 spell levels left.
You didn't know any spells.
Your spell library contained the following spells:

 Spells                   Type           Power      Damage    Failure   Level
 Kiss of Death            Conj/Necr      0%         2d5       47%         1
 Confusing Touch          Hex            0%         N/A       85%         3
 Ozocubu's Armour         Ice            0%         N/A       85%         3
 Dispel Undead            Necr           0%         3d6       99%         4
 Ozocubu's Refrigeration  Ice            0%         4d7       100%        7


Dungeon Overview and Level Annotations

Branches:
Dungeon (3/15)

Altars:

Shops:
D:1 :


Innate Abilities, Weirdness & Mutations

You have extremely sharp teeth.
When hurt, damage is shared between your health and your magic reserves.
Your bite disrupts and absorbs the magic of your enemies.
Potions cannot restore your health.


Message History

You start resting.
HP restored.
There is a stone staircase leading down here.
You see here a +0 flail.
You climb downwards.
The orc shouts! x2
The orc barely misses you. The orc hits you but does no damage. x2
There is a stone staircase leading up, spattered with blood here.
The orc barely misses you. The orc misses you.
You climb upwards.
There is a stone staircase leading down here.
You see here a +0 flail.
You barely miss the orc. The orc hits you but does no damage. x2
You slash the orc!
You kill the orc!
The orc hits you with a +0 club.
Items here: ) †††.
You hit the orc. You bite the orc.
You kill the orc!
There is a stone staircase leading down here.
Things that are here:
a +0 club; a +0 flail You start resting.
HP restored.
You climb downwards.
The orc barely misses you.
There is a stone staircase leading up, spattered with blood here.
You barely miss the orc. Your bite misses the orc. The orc barely misses you.
You barely miss the orc. Your bite misses the orc.
The orc hits you but does no damage. The orc hits you with a +0 flail.
The orc barely misses you. The orc closely misses you.
You barely miss the orc. Your bite misses the orc.
The orc completely misses you. The orc misses you.
You barely miss the orc. You bite the orc. You drain its power.
The orc is severely wounded.
The orc hits you with a +0 war axe. The orc hits you with a +0 flail.
You barely miss the orc.
The orc is severely wounded.
The orc hits you with a +0 war axe!
* * * LOW HITPOINT WARNING * * *
The orc hits you with a +0 flail.
You die...

... .#...## ... .....#.
####.##
..#......#####.....#
..#.?.......##.....#
.................<.#
..#.....#.#.#....).#
..........#o.......####.#
..........@..............
#........o####......$...
...###....######........
##.................
######.......###........
#........#.#.# ###.#....
#.####.†.#..... ......
#........## ......
##........#


You could see 2 orcs.

Vanquished Creatures
  3 orcs (D:2)
  2 ball pythons
  2 bats (D:1)
  2 endoplasms
  A giant cockroach (D:3)
  A goblin (D:3)
  6 jackals
  A frilled lizard (D:1)
  2 kobolds
  2 rats
22 creatures vanquished.

Notes
Turn   | Place    | Note
-------+----------+-------------------------------------------
     0 | D:1      | DeathPants the Vine Stalker Monk began the quest for the
                  | Orb.
     0 | D:1      | Reached XP level 1. HP: 11/11 MP: 2/2
   542 | D:1      | Found Ykhac's Book Emporium.
   721 | D:1      | Reached XP level 2. HP: 16/16 MP: 3/3
   933 | D:2      | Reached skill level 3 in Long Blades
  1124 | D:2      | Reached XP level 3. HP: 12/19 MP: 2/5
  1171 | D:3      | Slain by an orc

Illustrated notes

Levels and vault maps discovered:
D:1:      minmay_arrival_three_doors, layout_basic, serial_shops,
          nicolae_shop_hallway_stairs
D:2:      layout_basic, basic_altar, minmay_tetromino_i4
D:3:      layout_rooms, minmay_crystal_water

Skill      XL: |  1  2 |
---------------+-------+-----
Long Blades    | 3 |  3.1
Fighting       | |  2.9
Dodging        | |  2.6
Stealth        | |  2.4
Spellcasting   | |  0.9

Action                     || total
---------------------------++-------
  Melee: Falchion          ||    61
         Bite              ||    13
         Punch             ||     1
   Stab: Sleeping          ||     2
 Armour: Robe              ||     5
         Ring mail         ||    31
  Dodge: Dodged            ||    62

Table legend: (Time is in decaauts)
 A = Elapsed time spent in this place.
 B = Non-inter-level travel time spent in this place.
 C = Inter-level travel time spent in this place.
 D = Time resting spent in this place.
 E = Time spent auto-exploring this place.
 F = Levels seen in this place.
 G = Mean time per level.
                   A        B        C        D        E       F      G
               +--------+--------+--------+--------+--------+-----+--------+
         Total |   1182 |   1131 |     51 |     44 |    726 |   3 |  394.0 |
       Dungeon |   1182 |   1131 |     51 |     44 |    726 |   3 |  394.0 |
               +--------+--------+--------+--------+--------+-----+--------+

Top non-repeatable levels by time:
     D:1: 894 daAuts
     D:2: 234 daAuts
     D:3: 53 daAuts
